 Dungeon Crawl Stone Soup version 0.27.1-33-g824d729ab1 (webtiles) character file.

Game seed: 16383393934854905483

34 MisterFreud the Skirmisher (level 3, 0/35 HPs)
             Began as a Minotaur Abyssal Knight on Dec 7, 2021.
             Was a Follower of Lugonu.
             Succumbed to an adder's poison
             ... on level 2 of the Dungeon.
             The game lasted 00:01:10 (866 turns).

MisterFreud the Skirmisher (Minotaur Abyssal Knight) Turns: 866, Time: 00:01:10

Health: 0/35       AC:  3    Str: 17    XL:     3   Next: 14%
Magic:  3/3        EV: 11    Int:  9    God:    Lugonu [*.....]
Gold:   11         SH:  0    Dex:  9    Spells: 2/2 levels left

rFire    . . .     SeeInvis .   a - +1 falchion
rCold    . . .     Faith    .   (no shield)
rNeg     . . .     Spirit   .   b - +0 leather armour
rPois    .         Reflect  .   (helmet restricted)
rElec    .         Harm     .   (no cloak)
rCorr    .         Rampage  .   (no gloves)
Will     .....                  (no boots)
Stlth    +.........             (no amulet)
HPRegen  0.11/turn              (no ring)
MPRegen  0.08/turn              (no ring)

@: brilliant, lethally poisoned (0 -> -6), attractive, studying Axes
A: horns 2, retaliatory headbutt
a: Renounce Religion, Depart the Abyss


You were on level 2 of the Dungeon.
You worshipped Lugonu.
Lugonu was aware of your devotion.
You visited 1 branch of the dungeon, and saw 2 of its levels.
You visited the Abyss 1 time.

You collected 11 gold pieces.

Inventory:

Hand Weapons
 a - a +1 falchion (weapon)
Armour
 b - a +0 leather armour (worn)
Scrolls
 d - 3 scrolls of identify {unknown}
 e - a scroll of enchant weapon {unknown}
 f - a scroll of brand weapon {unknown}
 g - a scroll of fog {unknown}
 h - a scroll of fear {unknown}
 j - a scroll of noise {unknown}
 k - a scroll of vulnerability {unknown}


   Skills:
 * Level 4.9 Fighting
 - Level 2.6 Long Blades
 - Level 2.5 Armour
 - Level 1.1 Dodging
 - Level 2.0 Invocations


You had 2 spell levels left.
You didn't know any spells.
Your spell library was empty.

Dungeon Overview and Level Annotations

Branches:
Dungeon (2/15)

Altars:


Innate Abilities, Weirdness & Mutations

You have a pair of horns on your head.
You reflexively headbutt those who attack you in melee.


Message History

You are too injured to fight recklessly!
Unknown command.
You are too injured to fight recklessly!
Unknown command.
You escape the ball python's grasp.
You feel sick. The adder bites you. The ball python bites you.
The ball python grabs you. The ball python constricts you.
You escape the ball python's grasp.
You feel sick. The adder bites you. The adder bites you but does no damage.
You feel sick. The adder barely misses you.
You feel sick.
You feel sick.
You are no longer poisoned.
You miss the adder. The adder barely misses you.
You riposte.
You barely miss the adder. The adder bites you.
* * * LOW HITPOINT WARNING * * *
You hit the adder.
The adder is moderately wounded.
The adder bites you.
* * * LOW HITPOINT WARNING * * *
You barely miss the adder.
The adder is moderately wounded.
The adder closely misses you.
You riposte.
You barely miss the adder. Your headbutt misses the adder.
The adder is moderately wounded.
The adder barely misses you.
You barely miss the adder.
The adder is moderately wounded.
The adder barely misses you.
It was a potion of brilliance.
You feel clever all of a sudden. The adder barely misses you.
You riposte.
You hit the adder.
The adder is severely wounded.
The adder bites you.
* * * LOW HITPOINT WARNING * * *
You are lethally poisoned!
The adder poisons you!
It was a potion of attraction.
You feel attractive to monsters.
You die...

########## ### #........#
#...##### #.(......#
........########...<....#
#. #.gSS@.............###
#...##..########...........
#......).# #..<.....##.
#....†##..# ##########
#..... ..# #...## ...# ###.
..... . ...... .. .##...


You could see an adder, a goblin and a ball python.

Vanquished Creatures
  5 dart slugs
  4 bats (D:1)
  An endoplasm (D:1)
  2 goblins (D:1)
  A hobgoblin (D:1)
  2 quokkas (D:1)
  3 ball pythons (D:1)
  4 kobolds
  2 rats (D:1)
24 creatures vanquished.

Notes
Turn   | Place    | Note
-------+----------+-------------------------------------------
     0 | Abyss:1  | MisterFreud the Minotaur Abyssal Knight began the quest for
                  | the Orb.
     0 | Abyss:1  | Reached XP level 1. HP: 19/19 MP: 1/1
    63 | D:1      | Escaped the Abyss
   284 | D:1      | Reached skill level 4 in Fighting
   284 | D:1      | Reached XP level 2. HP: 20/27 MP: 2/2
   688 | D:1      | Reached XP level 3. HP: 32/35 MP: 3/3
   865 | D:2      | HP: 1/35 [adder (2)]
   866 | D:2      | Succumbed to an adder's poison

Illustrated notes

Levels and vault maps discovered:
D:1:      wander_arrival_abandoned_jail, layout_basic, minmay_heptomino_o4
D:2:      layout_rooms, uniq_jessica, uniq_robin

Skill      XL: |  1 |
---------------+----+-----
Invocations    | 2 |  2.0
Fighting       | 4 |  4.9
Long Blades    | |  2.6
Armour         | |  2.5
Dodging        | |  1.1

Action                   || total
-------------------------++-------
Melee: Falchion          ||    40
       Headbutt          ||     5
  Use: Potion            ||     2
Armor: Leather armour    ||    17
Dodge: Dodged            ||    28
       Rpst.: Falchion   ||     7
